 Dungeon Crawl Stone Soup version 0.27.0-1-g7a089689b8 (webtiles) character file.

Game seed: 3507447661309712717

32 ZARRMARR the Gusty (level 3, -5/26 HPs)
             Began as a Draconian Air Elementalist on Aug 3, 2021.
             Slain by a gnoll (6 damage)
             ... on level 2 of the Dungeon.
             The game lasted 00:06:21 (1597 turns).

ZARRMARR the Gusty (Draconian Air Elementalist)     Turns: 1597, Time: 00:06:22

Health: -5/26      AC:  5    Str: 10    XL:     3   Next: 10%
Magic:  6/6        EV: 12    Int: 16    God:
Gold:   48         SH:  0    Dex: 11    Spells: 5/6 levels left

rFire    . . .     SeeInvis .   e - +0 dagger
rCold    . . .     Faith    .   (no shield)
rNeg     . . .     Spirit   .   (armour unavailable)
rPois    .         Reflect  .   (helmet restricted)
rElec    .         Harm     .   (no cloak)
rCorr    .         Rampage  .   (no gloves)
Will     .....                  (no boots)
Stlth    ++........             (no amulet)
HPRegen  0.08/turn              (no ring)
MPRegen  0.10/turn              (no ring)

@: no status effects
A: AC +5, unfitting armour, cold-blooded
a: no special abilities


You were on level 2 of the Dungeon.
You visited 1 branch of the dungeon, and saw 2 of its levels.

You collected 48 gold pieces.

Inventory:

Hand Weapons
 e - a +0 dagger (weapon)
Missiles
 a - 11 poisoned darts (quivered)
 f - 24 stones
Potions
 b - a potion of curing {unknown}
 c - a potion of heal wounds {unknown}
 d - a potion of might {unknown}
 g - a potion of brilliance {unknown}


   Skills:
 + Level 0.1 Short Blades
 + Level 2.1 Dodging
 + Level 2.4 Stealth
 + Level 0.2 Unarmed Combat
 + Level 2.0 Spellcasting
 + Level 1.3 Conjurations
 + Level 3.3 Air Magic


You had 5 spell levels left.
You knew the following spells:

 Your Spells              Type           Power      Damage    Failure   Level
a - Shock                 Conj/Air       36%        1d5       8%          1

Your spell library contained the following spells:

 Spells                   Type           Power      Damage    Failure   Level
 Static Discharge         Conj/Air       9%         N/A       12%         2
 Corpse Rot               Necr/Air       N/A        N/A       16%         2
 Swiftness                Air            12%        N/A       16%         3
 Blink                    Tloc           N/A        N/A       30%         2
 Airstrike                Air            6%         N/A       45%         4
 Lesser Beckoning         Tloc           0%         N/A       52%         3
 Dispel Undead            Necr           1%         3d6       90%         4
 Manifold Assault         Tloc           1%         N/A       99%         5
 Death Channel            Necr           0%         N/A       100%        6


Dungeon Overview and Level Annotations

Branches:
Dungeon (2/15)

Altars:


Innate Abilities, Weirdness & Mutations

Your plain brown scales are hard. (AC +5)
You cannot fit into any form of body armour.
You are cold-blooded and may be slowed by cold attacks.


Message History

The gnoll shouts! x2
Throw: 13 darts (poison)
Press: ? - help, Q - select action, (/) - cycle Shift-Dir - straight line, f/p - goblin
Aim: a goblin, wielding a +0 club (45% to hit)
You throw a poisoned dart. The poisoned dart hits the goblin.
The goblin is poisoned.
Unknown command.
You feel a bit more experienced.
Casting: Shock (safe; 8% risk of failure)
Confirm with . or Enter, or press ? or * to list all spells.
Aiming: Shock (safe; 8% risk of failure)
Press: ? - help, Shift-Dir - straight line That beam is likely to hit you.
Continue anyway? [Y]es or [N]o only, please.
That beam is likely to hit you.
Continue anyway? [Y]es or [N]o only, please.
That beam is likely to hit you.
Continue anyway?
Okay, then.
There are monsters nearby!
Throw: 12 darts (poison)
Press: ? - help, Q - select action, (/) - cycle Shift-Dir - straight line, f - gnoll
Aim: a gnoll, wielding a +0 club (58% to hit)
You throw a poisoned dart.
The poisoned dart closely misses the gnoll.
Unknown command.
You closely miss the gnoll. The gnoll hits you with a +0 club.
You completely miss the gnoll.
The gnoll hits you from afar with a +0 spear!
The gnoll hits you with a +0 club.
You closely miss the gnoll.
The gnoll hits you from afar with a +0 spear!
* * * LOW HITPOINT WARNING * * *
The gnoll hits you with a +0 club.
* * * LOW HITPOINT WARNING * * *
You closely miss the gnoll. The gnoll closely misses you.
The gnoll hits you with a +0 club.
* * * LOW HITPOINT WARNING * * *
You closely miss the gnoll.
The gnoll hits you from afar with a +0 spear.
You die...

### ##############
#..... ..#
#>............
#..g.. #.#
#.############
#(.... #.#
#(............
#.(..g #.#
#.############
#..... #.# ##'###
# #...g.
#.####....# #
#.....##gg@†'....#
#
#.......g####....#
# #####....#
#....# # #....#
#....# # #....#
#....# #....#
#....# ######
#....# .....#


You could see 3 gnolls.

Vanquished Creatures
  3 dart slugs (D:1)
  4 ball pythons
  2 endoplasms (D:1)
  A goblin (D:2)
  2 hobgoblins
  3 jackals (D:1)
  2 kobolds (D:1)
  5 bats
  2 rats (D:1)
24 creatures vanquished.

Notes
Turn   | Place    | Note
-------+----------+-------------------------------------------
     0 | D:1      | ZARRMARR the Draconian Air Elementalist began the quest for
                  | the Orb.
     0 | D:1      | Reached XP level 1. HP: 14/14 MP: 3/3
   712 | D:1      | Reached XP level 2. HP: 20/20 MP: 0/5
  1269 | D:1      | Found a faded altar of an unknown god.
  1420 | D:2      | Reached XP level 3. HP: 26/26 MP: 3/6
  1596 | D:2      | HP: 1/26 [gnoll (4)]
  1597 | D:2      | Slain by a gnoll

Illustrated notes

Levels and vault maps discovered:
D:1:      lemuel_arrival_hallway, layout_rooms,
          dreamdust_ecumenical_altar_hidden_monk_grotto, serial_curves,
          eino_curves_03, eino_curves_02
D:2:      layout_basic

Skill      XL: |  1  2 |
---------------+-------+-----
Stealth        | 2 |  2.4
Dodging        | 2 |  2.1
Short Blades   | |  0.1
Unarmed Combat | |  0.2
Spellcasting   | |  2.0
Conjurations   | |  1.3
Air Magic      | |  3.3

Action                   || total
-------------------------++-------
Melee: Unarmed           ||    20
       Tailslap          ||     5
       Dagger            ||    33
Throw: Dart              ||     9
 Cast: Shock             ||    34
  Use: Scroll            ||     1
Armor: Skin              ||    12
Dodge: Dodged            ||    37
